 Dungeon Crawl Stone Soup version 0.28-a0-834-g1a73be5ee4 (webtiles) character file.

Game seed: 7079606953447445989

32 croobank the Gusty (level 3, 0/11 HPs)
             Began as a Felid Air Elementalist on Nov 12, 2021.
             Was a Plaything of Xom.
             Slain by a quasit (1 damage)
             ... summoned by Xom
             ... on level 2 of the Dungeon.
             The game lasted 00:13:40 (2090 turns).

croobank the Gusty (Felid Air Elementalist)         Turns: 2090, Time: 00:13:40

Health: 0/11       AC:  1    Str:  1      XL:     3   Next: 8%
Magic:  5/7        EV: 17    Int: 14      God:    Xom [......]
Gold:   31         SH:  0    Dex: 15 (18) Spells: 3/6 levels left
                                        Lives:  0   Deaths: 0

rFire   . . .      SeeInvis +   (weapon unavailable)
rCold   . . .      Faith    .   (shield unavailable)
rNeg    . . .      Spirit   .   (armour unavailable)
rPois   .          Reflect  .   (helmet unavailable)
rElec   .          Harm     .   (cloak unavailable)
rCorr   .          Rampage  .   (gloves unavailable)
Will    .....                   (boots unavailable)
Stlth   ++........              (no amulet)
HPRegen 0.03/turn               (no ring)
MPRegen 0.10/turn               (no ring)

@: very slightly contaminated, quick
A: very small, claws 1, fangs 3, see invisible, speed 1, shaggy fur 1, stealthy
paws, no weapons or thrown items, no armour, multi-lived, agile 1, dopey 1,
frail 2, weak 2, wild magic 1, noise suppression
a: Renounce Religion


You were on level 2 of the Dungeon.
You worshipped Xom.
You were a very special plaything of Xom.
You visited 1 branch of the dungeon, and saw 2 of its levels.

You collected 31 gold pieces.

Inventory:

Scrolls
 a - a scroll of fog {unknown}
 c - a scroll of magic mapping {unknown}


   Skills:
 + Level 3.0 Dodging
 + Level 3.0 Stealth
 + Level 0.5 Unarmed Combat
 + Level 2.1 Spellcasting
 + Level 1.0 Conjurations
 + Level 3.3 Air Magic


You had 3 spell levels left.
You knew the following spells:

 Your Spells              Type           Power      Damage    Failure   Level
a - Shock                 Conj/Air       36%        1d5       14%         1
b - Static Discharge      Conj/Air       9%         N/A       21%         2

Your spell library contained the following spells:

 Spells                   Type           Power      Damage    Failure   Level
 Swiftness                Air            14%        N/A       26%         3
 Airstrike                Air            7%         N/A       61%         4


Dungeon Overview and Level Annotations

Branches:
Dungeon (2/15)

Altars:
Xom


Innate Abilities, Weirdness & Mutations

You have sharp claws.
You have razor-sharp teeth.
You have supernaturally acute eyesight. (SInv)
You cover ground quickly. (Speed+)
You are covered in fur. (AC +1)
Your paws help you pounce on unaware monsters.
You are incapable of wielding weapons or throwing items.
You cannot wear armour.
You gain extra lives every three experience levels.
You are agile. (Dex +2)
You are dopey. (Int -2)
You are very frail. (-20% HP)
You are very weak. (Str -4)
Your spells are a little harder to cast, but a little more powerful.
You passively dampen the noise of your surroundings.


Message History

The quasit claws you but does no damage.
You climb upwards.
There is a stone staircase leading down here.
You climb downwards.
The quasit closely misses you. The quasit barely misses you.
The quasit completely misses you.
There is a stone staircase leading up here.
Aiming: Shock (safe; 14% risk of failure)
Press: ? - help, Q - select action, (/) - cycle Shift-Dir - straight line, f - quasit
Aim: a quasit (summoned, 42% to hit)
You miscast Shock.
You are very lightly contaminated with residual magic.
Nothing appears to happen.
The quasit bites you. The quasit claws you.
You feel clumsy. The quasit misses you.
You scratch the quasit but do no damage.
You bite the quasit.
The quasit is lightly wounded.
The quasit bites you.
You feel clumsy. The quasit completely misses you. The quasit claws you.
You feel clumsy. The quasit barely misses you. The quasit closely misses you.
The quasit claws you but does no damage.
Aiming: Shock (safe; 14% risk of failure)
Press: ? - help, Q - select action, (/) - cycle Shift-Dir - straight line, f/p - quasit
Aim: a quasit (lightly wounded, summoned, 42% to hit)
The zap misses the quasit.
The quasit closely misses you. x2; The quasit barely misses you.
You barely miss the quasit.
The quasit is lightly wounded.
The quasit bites you.
* * * LOW HITPOINT WARNING * * *
The quasit claws you.
* * * LOW HITPOINT WARNING * * *
The quasit completely misses you.
You scratch the quasit but do no damage.
The quasit bites you.
You die... "It's all fun and games until someone loses an eye."

### #@# #5# #.#
#+#
####.###.####
#...........#
#.##.####.).#.#
# ...#4......#
###.#.##..#...#
### .#...#...


You could see a quasit (summoned).

Vanquished Creatures
  3 bats (D:1)
  3 endoplasms
  2 goblins
  4 hobgoblins (D:1)
  6 jackals (D:1)
  2 quokkas (D:1)
  A frilled lizard (D:1)
  4 kobolds (D:1)
  2 rats (D:1)
27 creatures vanquished.

Notes
Turn   | Place    | Note
-------+----------+-------------------------------------------
     0 | D:1      | croobank the Felid Air Elementalist began the quest for the
                  | Orb.
     0 | D:1      | Reached XP level 1. HP: 7/7 MP: 4/4
    18 | D:1      | Found a faded altar of an unknown god.
   303 | D:1      | Prayed at the altar of an unknown god.
   303 | D:1      | Became a worshipper of Xom the Capricious
   513 | D:1      | XOM: divination: magic mapping
   521 | D:1      | Gained mutation: You are dopey. (Int -2) [potion of
                  | mutation]
   521 | D:1      | Gained mutation: You are weak. (Str -2) [potion of
                  | mutation]
   521 | D:1      | Gained mutation: You passively dampen the noise of your
                  | surroundings. [potion of mutation]
   521 | D:1      | Gained mutation: You are agile. (Dex +2) [potion of
                  | mutation]
   526 | D:1      | XOM: 7-stop teleportation journey
   544 | D:1      | Reached XP level 2. HP: 11/11 MP: 6/6
   885 | D:1      | XOM: butterfly on damage
   886 | D:1      | XOM: noise
  1087 | D:1      | XOM: give mutation
  1087 | D:1      | Gained mutation: You are frail. (-10% HP) [Xom's mischief]
  1146 | D:1      | Reached skill level 1 in Conjurations
  1149 | D:1      | Learned a level 2 spell: Static Discharge
  1349 | D:1      | XOM: give mutations
  1349 | D:1      | Gained mutation: You are very frail. (-20% HP) [Xom's
                  | mischief]
  1349 | D:1      | Lost strength.
  1349 | D:1      | Gained mutation: You are very weak. (Str -4) [Xom's
                  | mischief]
  1349 | D:1      | Gained mutation: Your spells are a little harder to cast,
                  | but a little more powerful. [Xom's mischief]
  1563 | D:1      | XOM: summons 2 hostile demons
  1654 | D:1      | Reached XP level 3. HP: 11/11 MP: 5/7
  1784 | D:1      | XOM: summons 3 hostile shadow creatures
  2072 | D:2      | XOM: summons 2 hostile demons
  2073 | D:2      | Noticed a red devil
  2090 | D:2      | Slain by a quasit

Illustrated notes

Levels and vault maps discovered:
D:1:      dpeg_arrival_line_fractal, layout_loops_corners,
          ebering_ecumenical_altar_sacrificial,
          amcnicky_mini_rare_corridor_liquid
D:2:      layout_basic, chequers_serial_rivers_large_a, hex_large,
          grunt_ministairs_2, dk_noncrumbling_2, kennysheep_generic_room_10

Skill      XL: |  1  2 |
---------------+-------+-----
Air Magic      | 3 |  3.3
Dodging        | 3 |  3.0
Conjurations   | 1 |  1.0
Stealth        | 3 |  3.0
Unarmed Combat | |  0.5
Spellcasting   | |  2.1

Action                   || total
-------------------------++-------
Melee: Unarmed           ||    62
       Bite              ||     5
 Cast: Shock             ||    38
  Use: Scroll            ||     2
       Potion            ||     2
 Stab: Sleeping          ||     2
Armor: Skin              ||     8
Dodge: Dodged            ||    60

Table legend: (Time is in decaauts)
 A = Elapsed time spent in this place.
 B = Non-inter-level travel time spent in this place.
 C = Inter-level travel time spent in this place.
 D = Time resting spent in this place.
 E = Time spent auto-exploring this place.
 F = Levels seen in this place.
 G = Mean time per level.
                   A        B        C        D        E       F      G
               +--------+--------+--------+--------+--------+-----+--------+
         Total |   2052 |   2036 |     16 |    732 |    994 |   2 | 1026.0 |
       Dungeon |   2052 |   2036 |     16 |    732 |    994 |   2 | 1026.0 |
               +--------+--------+--------+--------+--------+-----+--------+

Top non-repeatable levels by time:
     D:1: 1773 daAuts
     D:2: 279 daAuts
